 Dungeon Crawl Stone Soup version 0.21-a0-221-gfe971b9 (webtiles) character file.

2839 Kidiri the Thaumaturge (level 9, -4/73 HPs)
             Began as a Deep Elf Fire Elementalist on Aug 25, 2017.
             Was a Follower of Vehumet.
             Slain by a worker ant (5 damage)
             ... on level 7 of the Dungeon.
             The game lasted 00:44:38 (8945 turns).

Kidiri the Thaumaturge (Deep Elf Fire Elementalist) Turns: 8945, Time: 00:44:39

Health: -4/73      AC: 24    Str:  7    XL:     9   Next: 46%
Magic:  21/24      EV:  2    Int: 27    God:    Vehumet [*.....]
Gold:   493        SH:  0    Dex: 15    Spells: 8/27 levels left

rFire    . . .     SeeInvis .   O - -2 spear (curse)
rCold    . . .     Gourm    .   (no shield)
rNeg     + + +     Faith    .   (armour currently unavailable)
rPois    +         Spirit   .   (helmet currently unavailable)
rElec    .         Reflect  .   (cloak currently unavailable)
rCorr    .         Harm     .   (gloves currently unavailable)
MR       .....     Clarity  +   (boots currently unavailable) Stlth ++........NoTele +
                                (no amulet)
HPRegen  0.22/turn              n - +3 ring of intelligence
MPRegen  0.19/turn              (no ring)

@: lethally poisoned (-4 -> -7), tree-form, very slightly contaminated, drained
A: clarity, strong 1
a: Renounce Religion


You were on level 7 of the Dungeon.
You worshipped Vehumet.
Vehumet was aware of your devotion.
You were not hungry.
You were a tree.
You visited 2 branches of the dungeon, and saw 8 of its levels.
You also visited: Bailey.

You collected 493 gold pieces.

Inventory:

Hand Weapons
 h - a +0 dagger
 o - the +2 hand axe of Peril {venom, rN++ Int+2 Stlth-}
   (You took it off a gnoll shaman in a bailey)

   It poisons the flesh of those it strikes.
   It affects your intelligence (+2).
   It greatly protects you from negative energy.
   It makes you less stealthy.
 L - a +4 trident
 O - a cursed -2 spear (weapon)
Missiles
 M - 7 throwing nets (quivered)
Armour
 a - a +0 robe
 e - a +0 buckler
 m - a +0 pair of gloves (melded)
 v - a +2 plate armour of poison resistance
 y - a +3 ring mail
 K - a cursed +0 chain mail (melded)
Magical Staves
 t - an uncursed staff of cold
Jewellery
 n - a +3 ring of intelligence (left branch)
Scrolls
 j - 2 scrolls of recharging
 q - a scroll of magic mapping
 s - a scroll of amnesia
Potions
 k - 2 potions of brilliance
 p - a potion of ambrosia
Books
 b - a book of Flames

   Spells                             Type                      Level
   a - Flame Tongue                   Conjuration/Fire             1
   b - Throw Flame                    Conjuration/Fire             2
   c - Conjure Flame                  Conjuration/Fire             3
   d - Inner Flame                    Hexes/Fire                   3
   e - Sticky Flame                   Conjuration/Fire             4
   f - Fireball                       Conjuration/Fire             5
Comestibles
 c - 7 bread rations
 l - a meat ration


   Skills:
 + Level 2.6(2.1) Fighting
 + Level 3.1(2.5) Short Blades
 + Level 2.6(2.1) Armour
 + Level 4.8(4.3) Dodging
 - Level 2.4(1.8) Stealth
 + Level 2.6(2.1) Shields
 * Level 9.5(8.8) Spellcasting
 + Level 5.4(4.8) Conjurations
 + Level 6.7(6.1) Fire Magic
 + Level 2.8(2.2) Ice Magic


You had 8 spell levels left.
You knew the following spells:

 Your Spells              Type           Power        Failure   Level  Hunger
a - Flame Tongue          Conj/Fire      #####        1%          1    None
b - Throw Flame           Conj/Fire      #####.       1%          2    None
c - Conjure Flame         Conj/Fire      #####...     1%          3    None
d - Inner Flame           Hex/Fire       ####....     4%          3    None
e - Sticky Flame          Conj/Fire      #####...     4%          4    #......
f - Fireball              Conj/Fire      #####.....   14%         5    ####...
g - Freeze                Ice            ###.         1%          1    None


Dungeon Overview and Level Annotations

Branches:
Dungeon (7/15)             Temple (1/1) D:4

Altars:
Ashenzari
Fedhas
Gozag
Hepliaklqana
Kikubaaqudgha
Makhleb
Nemelex Xobeh
Okawaru
Qazlal
Ru
Sif Muna
Trog
Uskayaw
Vehumet
Xom
Yredelemnul
Zin
The Shining One

Shops:
D:4 *


Innate Abilities, Weirdness & Mutations

((You have a pair of small horns on your head.))
((You are partially covered in slimy green scales. (AC +2)))
You possess an exceptional clarity of mind.
Your muscles are strong. (Str +2)


Message History

Unknown command.
Okay, then.
Unknown command.
Unknown command.
Unknown command.
You turn into a tree.
Your +0 pair of gloves melds into your body.
Your cursed +0 chain mail melds into your body.
Your roots penetrate the ground.
You feel sick. The worker ant barely misses you.
You hit the worker ant.
The worker ant is moderately wounded.
You feel sick. The worker ant bites you.
* * * LOW HITPOINT WARNING * * *
The worker ant bites you but does no damage.
Unknown command.
You hit the worker ant but do no damage.
The worker ant is moderately wounded.
The worker ant bites you.
You die...

##.#.........####...#.####
##.##.......## ##.......#
...###...(.## #.#####.#
#### ##...## ###.# #.#
*#+## #...# #.# *,* #.#.#
#.# *,* #.#.#####.# **,**
#.#.......# **,,,**
#♣######### ******,,,,,***
#a# ,,,,*,,,,,,,,**#.#
***,*,**,........#
*,*,**,###v#####
*,,,,,,,,,,* ******,*****
****,******
*****,,,,,,,,,*


You could see a worker ant.

Vanquished Creatures
  The ghost of FrancescoMac the Skirmisher, a novice MiFi (Bailey)
  Edmund (D:4)
  A phantom (D:5)
  2 ogres
  A centaur (D:3)
  The ghost of Kidiri the Magician, an amateur DEFE (D:3)
  A bullfrog (D:6)
  8 gnoll sergeants (Bailey)
  2 scorpions
  6 wights
  2 howler monkeys
  5 hounds
  6 gnoll shamans (Bailey)
  2 iguanas (D:6)
  4 worker ants
  A hound skeleton (D:6)
  7 adders
  15 gnolls
  2 shadow imps (D:5)
  An ooze (D:2)
  2 adder skeletons (D:4)
  2 worms (D:3)
  4 dart slugs
  2 leopard geckos
  20 orcs
  5 bats
  3 giant cockroaches
  11 goblins
  15 hobgoblins
  3 jackals (D:5)
  6 kobolds
  4 ball pythons
  A ball python skeleton (D:4)
  3 frilled lizards
  A leopard gecko skeleton (D:5)
  8 rats
159 creatures vanquished.

Vanquished Creatures (collateral kills)
  A bullfrog (D:7)
1 creature vanquished.

Vanquished Creatures (others)
  A fire vortex (D:7)
1 creature vanquished.

Grand Total: 161 creatures vanquished

Notes
Turn   | Place    | Note
-------+----------+-------------------------------------------
     0 | D:1      | Kidiri the Deep Elf Fire Elementalist began the quest for the Orb.
     0 | D:1      | Reached XP level 1. HP: 10/10 MP: 6/6
     6 | D:1      | Noticed a wolf
     6 | D:1      | Noticed an anaconda
     6 | D:1      | Noticed a komodo dragon
     7 | D:1      | Noticed a swamp worm
     7 | D:1      | Noticed a worker ant
   141 | D:1      | Reached XP level 2. HP: 15/15 MP: 5/8
   149 | D:1      | Learned a level 2 spell: Throw Flame
  1047 | D:2      | Reached XP level 3. HP: 19/19 MP: 7/10
  1055 | D:2      | Learned a level 3 spell: Conjure Flame
  1059 | D:2      | Learned a level 3 spell: Inner Flame
  1083 | D:2      | Found a basalt altar of Yredelemnul.
  1086 | D:2      | Found a shattered altar of Ashenzari.
  1089 | D:2      | Found a blossoming altar of Fedhas.
  1092 | D:2      | Found a stormy altar of Qazlal.
  1319 | D:2      | Reached skill level 4 in Spellcasting
  1453 | D:2      | Reached XP level 4. HP: 17/24 MP: 3/12
  1457 | D:2      | Found an iron altar of Okawaru.
  1974 | D:3      | Noticed Kidiri's ghost (amateur DEFE)
  2111 | D:3      | Killed Kidiri's ghost
  2111 | D:3      | Reached skill level 5 in Spellcasting
  2111 | D:3      | Reached XP level 5. HP: 24/28 MP: 3/15
  2233 | D:3      | Learned a level 4 spell: Sticky Flame
  2687 | D:3      | Gained mutation: You possess an exceptional clarity of mind. [potion of mutation]
  2687 | D:3      | Gained mutation: You have a pair of small horns on your head. [potion of mutation]
  2687 | D:3      | Gained mutation: You are partially covered in slimy green scales. (AC +2) [potion of mutation]
  2687 | D:3      | Gained mutation: Your muscles are strong. (Str +2) [potion of mutation]
  2803 | D:3      | Noticed a centaur
  2813 | D:3      | Killed a centaur
  2813 | D:3      | Reached skill level 6 in Spellcasting
  2813 | D:3      | Reached skill level 5 in Fire Magic
  2813 | D:3      | Reached XP level 6. HP: 18/32 MP: 3/17
  3375 | D:4      | Noticed Edmund
  3391 | D:4      | Killed Edmund
  3391 | D:4      | Reached skill level 7 in Spellcasting
  3418 | D:4      | Learned a level 5 spell: Fireball
  3628 | D:4      | Found a staircase to the Ecumenical Temple.
  3639 | Temple   | Entered the Ecumenical Temple
  3726 | Temple   | Became a worshipper of Vehumet
  3750 | D:4      | Reached XP level 7. HP: 36/36 MP: 11/19
  3805 | D:4      | Found Xecij's Assorted Antiques.
  4079 | D:5      | Entered Level 5 of the Dungeon
  4407 | D:5      | Reached skill level 1 in Fighting
  4407 | D:5      | Reached skill level 1 in Shields
  4482 | D:5      | Reached skill level 1 in Armour
  4675 | D:5      | Reached skill level 1 in Short Blades
  5037 | D:5      | Reached XP level 8. HP: 43/43 MP: 12/21
  5680 | D:6      | Reached skill level 8 in Spellcasting
  6151 | D:6      | Reached * piety under Vehumet
  6151 | D:6      | Offered knowledge of Freeze by Vehumet.
  6154 | D:6      | Learned a level 1 spell: Freeze
  6174 | D:6      | Found a glowing silver altar of Zin.
  6316 | D:7      | Found a hide-covered altar of Uskayaw.
  6326 | D:7      | Found a flagged portal.
  6335 | Bailey   | Entered a bailey
  6335 | Bailey   | Noticed FrancescoMac's ghost (novice MiFi)
  6355 | Bailey   | HP: 2/44 [FrancescoMac's ghost (13)]
  6358 | Bailey   | Killed FrancescoMac's ghost
  6358 | Bailey   | Reached skill level 5 in Conjurations
  6358 | Bailey   | Reached skill level 1 in Ice Magic
  6362 | Bailey   | Reached XP level 9. HP: 5/48 MP: 0/23
  6729 | Bailey   | Reached skill level 9 in Spellcasting
  6843 | Bailey   | Got a brightly glowing hand axe {venom}
  6844 | Bailey   | Identified the +2 hand axe of Peril {venom, rN++ Int+2 Stlth-} (You took it off a gnoll shaman in a bailey)
  8944 | D:7      | HP: 1/73 [worker ant (4)]
  8945 | D:7      | Slain by a worker ant

Vault maps used:
D:1:      onia_arrival_zoo_common, st_stairs_13
D:2:      okawaru_altar_gauntlet_db, grunt_temple_overflow_cloverleaf
D:3:      serial_bayou_lake_a
D:4:      minmay_temple_entry_trees, serial_shops, shop, uniq_edmund
D:5:      first_bread
D:6:      basic_altar
D:7:      grunt_temple_overflow_open, enter_bailey_2
Temple:   nicolae_temple_hex_pool
Bailey:   bailey_polearm_gnolls_kennysheep, bailey

Skill      XL: |  1  2  3  4  5  6  7  8  9 |
---------------+----------------------------+-----
Conjurations   | 2 3 4 5 |  5.4
Fire Magic     | 4 5 6 |  6.7
Spellcasting   | 4 5 6 7 8 9 |  9.5
Fighting       | 1 2 |  2.6
Dodging        | 3 4 |  4.8
Shields        | 1 2 |  2.6
Armour         | 1 2 |  2.6
Short Blades   | 1 2 3 |  3.1
Ice Magic      | 1 2 |  2.8
Stealth        | |  2.4

Action                   |  1- 3 |  4- 6 |  7- 9 || total
-------------------------+-------+-------+-------++-------
Melee: Unarmed           |     2 |       |       ||     2
       Dagger            |     4 |     8 |    68 ||    80
       Headbutt          |       |     1 |    18 ||    19
       Spear             |       |       |    19 ||    19
       Hand axe          |       |       |     1 ||     1
 Cast: Flame Tongue      |    69 |    52 |   168 ||   289
       Throw Flame       |       |    28 |    36 ||    64
       Inner Flame       |       |     1 |    13 ||    14
       Conjure Flame     |       |     1 |    15 ||    16
       Sticky Flame      |       |     5 |     5 ||    10
       Fireball          |       |       |     2 ||     2
Evoke: Phantom mirror    |       |       |     1 ||     1
  Use: Scroll            |       |     9 |     6 ||    15
       Potion            |       |     1 |     6 ||     7
 Stab: Sleeping          |       |     3 |       ||     3
  Eat: Chunk             |     1 |     8 |    13 ||    22
       Royal jelly       |       |       |     2 ||     2
       Fruit             |       |       |     1 ||     1
Armor: Robe              |     1 |     4 |    17 ||    22
       Skin              |       |       |     8 ||     8
       Chain mail        |       |       |     8 ||     8
Dodge: Dodged            |    20 |    29 |    80 ||   129

Table legend:
 A = Spawn XP
 B = Non-spawn XP
 C = Spawn XP percentage of total XP
 D = Spawn monster count
 E = Non-spawn monster count
 F = Spawn count percentage of total count
 G = Total turns spent on level
                    A         B        C        D         E        F      G
               +---------+---------+-------+---------+---------+-------+---------
         Total |     393 |    3664 |   9.7 |      25 |     135 |  15.6 |  8945
               +---------+---------+-------+---------+---------+-------+---------
           D:1 |       2 |      26 |   7.1 |       2 |      13 |  13.3 |   817
           D:2 |      22 |      71 |  23.7 |       5 |      23 |  17.9 |   989
           D:3 |     137 |     191 |  41.8 |       8 |      28 |  22.2 |  1569
           D:4 |     141 |     291 |  32.6 |       4 |       7 |  36.4 |   637
           D:5 |      51 |     564 |   8.3 |       4 |      16 |  20.0 |  1418
           D:6 |      40 |     463 |   8.0 |       2 |      14 |  12.5 |   781
           D:7 |       0 |     185 |   0.0 |       0 |       3 |   0.0 |   782
        Bailey |       0 |    1873 |   0.0 |       0 |      31 |   0.0 |  1852
               +---------+---------+-------+---------+---------+-------+---------
